 Dungeon Crawl Stone Soup version 0.19-a0-1855-gb7442ac (webtiles) character file.

180 Alarkh the Slasher (level 5, -1/38 HPs)
             Began as a Mummy Skald on Oct 11, 2016.
             Slain by a gnoll
             ... wielding a +0 spear
              (6 damage)
             ... on level 3 of the Dungeon.
             The game lasted 00:04:32 (3540 turns).

Alarkh the Slasher (Mummy Skald)                    Turns: 3540, Time: 00:04:33

Health: -1/38      AC:  3    Str: 15    XL:     5   Next: 33%
Magic:  8/9        EV: 11    Int: 15    God:
Gold:   136        SH:  0    Dex: 12    Spells: 3 memorised, 3 levels left

rFire  x . .     SeeInvis .     d - +2 dagger (venom)
rCold  + . .     Gourm    .     b - +0 leather armour
rNeg   + + +     Faith    .     (no shield)
rPois  ∞         Spirit   .     (no helmet)
rElec  .         Dismiss  .     (no cloak)
rCorr  .         Reflect  .     (no gloves)
MR     .....     Harm     .     (no boots)
Stlth  +.........               (no amulet)
                                (no ring)
                                i - +3 ring of intelligence

@: no status effects
A: no food or potions, fire vulnerability, cold resistance 1, negative energy
resistance 3, torment resistance, unbreathing
a: no special abilities


You were on level 3 of the Dungeon.
You were not hungry.

You visited 1 branch of the dungeon, and saw 3 of its levels.

You collected 136 gold pieces.

Inventory:

Hand Weapons
 a - a +0 falchion
 d - a +2 dagger of venom (weapon)
Armour
 b - a +0 leather armour (worn)
Jewellery
 i - a +3 ring of intelligence (left hand)
Wands
 e - a wand of iceblast (7/15)
Scrolls
 f - 2 scrolls of remove curse {unknown}
 h - a scroll of amnesia {unknown}
 j - a scroll of magic mapping {unknown}
 k - a scroll of fear {unknown}
 l - a scroll of enchant weapon {unknown}
 m - a scroll of recharging {unknown}
Books
 c - a book of Battle

   Spells                             Type                      Level
   a - Infusion                       Charms                       1
   b - Shroud of Golubria             Charms/Translocation         2
   c - Song of Slaying                Charms                       2
   d - Spectral Weapon                Hexes/Charms                 3
   e - Regeneration                   Charms/Necromancy            3
 g - a book of Maledictions

   Spells                             Type                      Level
   a - Corona                         Hexes                        1
   b - Ensorcelled Hibernation        Hexes/Ice                    2
   c - Confuse                        Hexes                        3
   d - Tukima's Dance                 Hexes                        3
   e - Dazzling Spray                 Conjuration/Hexes            3


   Skills:
 - Level 2.0 Fighting
 * Level 3.8 Long Blades
 - Level 0.7 Armour
 - Level 0.7 Dodging
 + Level 2.7 Spellcasting
 + Level 3.0 Charms


You had 3 spell levels left.
You knew the following spells:

 Your Spells              Type           Power        Failure   Level  Hunger
a - Spectral Weapon       Hex/Chrm       #.......     43%         3    N/A
b - Infusion              Chrm           ##..         10%         1    N/A
c - Shroud of Golubria    Chrm/Tloc      #.........   21%         2    N/A

Dungeon Overview and Level Annotations

Branches:
Dungeon (3/15)

Altars:
Qazlal
Ru

Annotations:
D:2 Sigmund


Innate Abilities, Weirdness & Mutations

You do not eat or drink.
Your flesh is vulnerable to fire.
You are immune to poison.
Your flesh is cold resistant. (rC+)
You are immune to negative energy. (rN+++)
You are immune to unholy pain and torment.
You can survive without breathing.


Message History

Your spectral weapon barely misses the gnoll.
The gnoll barely misses your spectral weapon.
You barely miss the gnoll.
The gnoll is moderately wounded.
Your spectral weapon closely misses the gnoll.
The gnoll hits you from afar with a spear!
The gnoll hits you with a halberd!
You are too injured to fight recklessly!
You barely miss the gnoll.
The gnoll is moderately wounded.
Your spectral weapon hits the gnoll but does no damage.
The gnoll closely misses you. The gnoll hits you but does no damage.
You hit the gnoll.
The gnoll looks as sick as possible!
The gnoll is severely wounded.
You kill the gnoll!
The gnoll hits you from afar with a spear!
* * * LOW HITPOINT WARNING * * *
You swap places.
The gnoll hits you from afar with a spear.
You die...

#####............#
############.# #.#
#.# #.# #.# #.#
#.# #@######.
#()ggg...
#########


You could see 3 gnolls and a friendly spectral dagger of venom.

Vanquished Creatures
  Terence (D:2)
  3 gnolls
  5 adders
  An ooze (D:2)
  A worm (D:2)
  2 dart slugs
  2 orcs (D:3)
  A ball python (D:1)
  5 bats
  A giant cockroach (D:1)
  9 goblins
  7 hobgoblins
  11 jackals (D:2)
  7 kobolds
  A quokka (D:3)
  3 frilled lizards
  7 rats
67 creatures vanquished.

Notes
Turn   | Place    | Note
-------+----------+-------------------------------------------
     0 | D:1      | Alarkh the Mummy Skald began the quest for the Orb.
     0 | D:1      | Reached XP level 1. HP: 16/16 MP: 3/3
   273 | D:1      | Reached XP level 2. HP: 21/22 MP: 5/5
   705 | D:2      | Reached XP level 3. HP: 19/27 MP: 3/6
   711 | D:2      | Learned a level 2 spell: Shroud of Golubria
   715 | D:2      | Learned a level 3 spell: Spectral Weapon
   806 | D:2      | Noticed Sigmund
  1342 | D:3      | Found a stormy altar of Qazlal.
  1384 | D:3      | Found a sacrificial altar of Ru.
  1832 | D:1      | Reached XP level 4. HP: 11/33 MP: 7/7
  2108 | D:2      | Noticed Terence
  2117 | D:2      | Killed Terence
  3187 | D:3      | Reached XP level 5. HP: 35/38 MP: 8/8
  3540 | D:3      | Slain by a gnoll

Vault maps used:
D:1:      dpeg_arrival_rhombi, hex_intersection,
          hangedman_abyss_or_decor_lesser_grid
D:2:      first_bread, uniq_sigmund, uniq_terence
D:3:      lemuel_crystal_altar, hangedman_ru_absence

Skill      XL: |  1  2  3  4  5 |
---------------+----------------+-----
Long Blades    | 2 3 |  3.8
Charms         | 3 |  3.0
Fighting       | |  2.0
Armour         | |  0.7
Dodging        | |  0.7
Spellcasting   | |  2.7

Action                   |  1- 3 |  4- 6 || total
-------------------------+-------+-------++-------
Melee: Dagger            |   112 |   122 ||   234
       Falchion          |     2 |       ||     2
 Cast: Infusion          |     2 |     1 ||     3
       Shroud of Golubri |       |     2 ||     2
       Spectral Weapon   |       |     2 ||     2
Armor: Leather armour    |    29 |    37 ||    66
Dodge: Dodged            |    72 |    80 ||   152
       Rpst.: Falchion   |     2 |       ||     2
